AoeStats
← OctopusRewind

Arena

510859655Analyzed
1v1 RM · 7h ago on Oct 2, 2026· 89m 53s· 2 players
Game mode
Random Map
Map size
Tiny (2 player)
Population
200
Speed
Normal
Resources
Standard
Victory
Conquest
Starting age
Dark Age
Ending age
Imperial Age
RankedLock teamsTeams togetherTeam positionsShared explorationLock speedFull tech treeHidden civsTurbo modeCheats
Victory
Defeat
🇺🇸 Goths · United States
360
+17
🇲🇽 Celts · Mexico
392
-17
OctopusRewind
1:32 Loom
12:21 Feudal Age
12:34 Man-at-Arms
16:24 Scale Mail Armor
17:38 Forging
17:35 Scale Barding Armor
18:08 Horse Collar
20:13 Wheelbarrow
19:26 Town Watch
21:46 Padded Archer Armor
24:20 Double-Bit Axe
28:50 Fletching
29:31 Gold Mining
29:32 Stone Mining
33:07 Castle Age
34:07 Bow Saw
34:04 Husbandry
34:15 Bloodlines
33:26 Light Cavalry
34:10 Heavy Plow
34:52 Stone Shaft Mining
35:15 Chain Mail Armor
35:36 Iron Casting
34:57 Bodkin Arrow
35:08 Squires
34:54 Pikeman
37:51 Town Patrol
37:22 Long Swordsman
37:26 Crossbowman
43:02 Elite Skirmisher
48:46 Hand Cart
57:57 Imperial Age
55:50 Leather Archer Armor
55:56 Chain Barding Armor
58:32 Two-Handed Swordsman
58:33 Halberdier
58:34 Heavy Cavalry Archer
58:36 Cavalier
58:41 Capped Ram
63:35 Sappers
64:34 Heavy Scorpion
67:38 Crop Rotation
68:10 Two-Man Saw
68:37 Anarchy
69:38 Champion
73:15 Ring Archer Armor
74:58 Bracer
78:01 Ballistics
86:18 Murder Holes
86:07 Treadmill Crane
86:42 Masonry
pandu
0:35 Loom
12:37 Feudal Age
13:59 Wheelbarrow
16:13 Town Watch
16:24 Double-Bit Axe
22:54 Castle Age
20:35 Man-at-Arms
20:42 Man-at-Arms
37:42 Imperial Age
35:35 Hand Cart
43:53 Conscription
43:54 Furor Celtica
43:39 Capped Ram
50:04 Fletching
51:17 Long Swordsman
51:42 Gambesons
52:43 Two-Handed Swordsman
58:19 Hoardings
63:15 Horse Collar
64:01 Heavy Plow
64:51 Onager
65:58 Scale Mail Armor
66:28 Champion
68:38 Furor Celtica
74:23 Siege Ram
86:00 Pikeman
86:44 Elite Skirmisher
Connection lost

Rejoining the realm…

Still unreachable

The connection could not be restored.

Session expired

The server has moved on; the page needs a fresh start.